Map: Ruins of Endion

Players

Miszu - Winner!

  • Race: Terran Terran
  • League: Master

Breosith

  • Race: Zerg Zerg
  • League: Master

VOD

Have the link to the VOD?

Description

Time

  • Played on: April 7, 2016, 3:58 p.m.
  • Length: 12:47
Show
View Real Time Build Order
Export as new Build Order

Miszu Terran - Winner!

Build Orders: Reaper Expand, Hellion Banshee 

Get SALT Encoding   

  12  0:00  SCV  
  13  0:13  SCV  
  14  0:17  Supply Depot  
  14  0:25  SCV  
  15  0:39  SCV  
  15  0:40  Barracks  
  16  0:44  Refinery  
  16  0:51  SCV  
  17  1:03  SCV  
  18  1:06  Supply Depot  
  18  1:15  SCV  
  19  1:28  Orbital Command  
  19  1:29  Reaper  
  20  1:44  Command Center  
  20  1:53  Supply Depot  
  20  1:54  SCV  
  21  2:06  SCV  
  21  2:07  Factory  
  22  2:17  Refinery, Marine  
  22  2:18  SCV  
  24  2:30  SCV  
  25  2:42  SCV  
  26  2:47  Barracks Reactor  
  26  2:52  Starport  
  26  2:55  SCV  
  26  2:58  Orbital Command  
  27  3:07  SCV  
  28  3:19  SCV  
  29  3:26  SCV  
  30  3:29  Hellion x2  
  30  3:30  Starport Tech Lab  
  30  3:31  SCV  
  35  3:38  SCV  
  36  3:43  SCV  
  37  3:49  Armory  
  37  3:50  Cloaking Field, Hellion x2, Banshee  
  37  3:51  SCV  
  37  3:55  SCV  
  46  4:02  Supply Depot  
  46  4:04  SCV  
  46  4:07  SCV  
  48  4:12  Hellion  
  48  4:16  SCV  
  51  4:19  SCV  
  52  4:25  Supply Depot  
  52  4:29  Hellion, SCV  
  55  4:31  SCV  
  55  4:33  Hellion, Banshee  
  61  4:41  SCV  
  61  4:43  SCV  
  60  4:51  Hellion  
  57  4:54  Hellion  
  57  4:55  Orbital Command  
  55  5:03  SCV  
  54  5:12  Hellion  
  53  5:15  SCV  
  53  5:16  Hellion, Banshee  
  58  5:22  SCV  
  58  5:28  SCV  
  60  5:34  SCV  
  61  5:39  Refinery  
  61  5:40  SCV  
  62  5:46  Command Center, SCV  
  60  5:52  SCV  
  60  5:54  Hellion x2  
  65  5:59  Refinery, SCV  
  66  6:04  SCV  
  66  6:11  SCV  
  68  6:14  Starport  
  68  6:16  Starport, SCV  
  67  6:23  SCV  
  68  6:28  SCV  
  69  6:35  Hellion x6, SCV  
  70  6:46  Supply Depot  
  70  6:48  Supply Depot x2  
  70  6:51  Supply Depot  
  70  6:52  SCV x2  
  70  6:57  Hellion, Banshee  
  70  6:58  Hellion  
  75  7:02  Starport Tech Lab  
  75  7:03  Starport Reactor  
  75  7:04  SCV x3  
  73  7:16  SCV x2  
  73  7:22  Banshee  
  79  7:27  Refinery, Orbital Command  
  78  7:30  Hellion x2  
  78  7:33  SCV  
  78  7:34  Refinery  
  78  7:35  Terran Ship Weapons Level 1  
  78  7:36  Engineering Bay, Fusion Core, SCV  
  84  7:38  Liberator  
  84  7:41  Liberator  
  83  7:45  SCV  
  83  7:48  SCV  
  85  7:52  SCV  
  85  7:55  Liberator  
  85  7:58  SCV  
  93  8:07  SCV  
  93  8:08  SCV  
  93  8:11  Banshee  
  102  8:12  SCV  
  102  8:19  SCV  
  103  8:21  Liberator  
  103  8:22  Supply Depot x2  
  103  8:24  Supply Depot, Liberator  
  103  8:37  Liberator x2  
  109  8:53  Missile Turret  
  109  8:54  Starport x2  
  112  8:58  SCV  
  112  8:59  Missile Turret  
  112  9:00  Missile Turret  
  113  9:03  Liberator  
  113  9:05  SCV x2  
  113  9:06  Liberator  
  115  9:11  SCV  
  115  9:13  Liberator x2  
  116  9:17  Supply Depot, SCV x2  
  116  9:20  Liberator  
  124  9:28  SCV  
  124  9:29  SCV x2, Missile Turret  
  133  9:34  Liberator  
  136  9:40  SCV  
  136  9:41  SCV  
  136  9:42  Supply Depot  
  136  9:43  Supply Depot x3  
  138  9:46  Liberator  
  138  9:47  Terran Ship Weapons Level 2  
  138  9:48  Missile Turret  
  138  9:49  Liberator  
  141  9:56  Liberator x2  
  141  9:59  SCV x2  
  143  10:00  SCV  
  86  10:07  Liberator  
  150  10:12  Missile Turret  
  156  10:17  Liberator  
  159  10:32  Command Center  
  162  10:39  Liberator x3  
  162  10:56  Liberator  
  165  11:24  SCV  
  147  11:34  SCV x2  
  147  11:36  SCV  
  145  11:46  Liberator, SCV x2  
  146  11:49  SCV  
  146  11:58  SCV x2  
  146  12:00  Missile Turret  
  151  12:15  Starport Tech Lab x2  
  151  12:33  Command Center  
Show
View Real Time Build Order
Export as new Build Order

Breosith Zerg 

Build Orders: Hatch First 

Get SALT Encoding   

  12  0:01  Drone  
  13  0:08  Drone  
  14  0:22  Overlord  
  14  0:29  Extractor, Drone  
  15  0:41  Drone x2  
  17  0:47  Drone  
  18  1:03  Hatchery  
  17  1:12  Drone x2  
  17  1:14  Spawning Pool  
  18  1:21  Drone  
  19  1:29  Drone  
  20  1:40  Drone  
  21  1:52  Drone  
  22  2:04  Hatchery  
  22  2:07  Extractor, Queen  
  22  2:10  Extractor, Zergling x2  
  22  2:16  Zergling x2  
  22  2:17  Drone  
  22  2:18  Queen  
  26  2:23  Drone  
  27  2:38  Drone  
  28  2:47  Overlord  
  27  2:56  Metabolic Boost  
  27  2:57  Roach Warren  
  26  3:01  Drone  
  27  3:08  Drone x4  
  31  3:13  Overlord  
  31  3:38  Roach  
  31  3:39  Roach x5  
  43  3:41  Roach  
  43  3:45  Drone  
  46  3:50  Overlord  
  46  4:07  Zergling x8  
  50  4:14  Zergling x10  
  50  4:15  Zergling x2  
  55  4:21  Ravager x2  
  57  4:25  Overlord  
  57  4:43  Zergling x2  
  57  4:44  Zergling x14  
  58  4:55  Drone x4  
  58  5:03  Drone  
  58  5:04  Drone x3  
  52  5:15  Drone  
  52  5:16  Drone x3  
  52  5:21  Lair  
  51  5:44  Roach x6, Drone x3  
  51  5:49  Drone  
  61  5:50  Drone x3  
  61  5:54  Queen  
  64  5:57  Drone  
  64  5:58  Drone  
  66  6:05  Spore Crawler  
  66  6:07  Spore Crawler  
  66  6:09  Spore Crawler  
  65  6:11  Roach  
  65  6:12  Zergling x2  
  65  6:16  Spore Crawler  
  65  6:29  Overseer  
  65  6:30  Queen x2  
  58  6:42  Ravager  
  58  6:45  Zergling x20  
  60  7:01  Glial Reconstitution  
  60  7:04  Overlord  
  58  7:20  Drone  
  58  7:21  Queen  
  58  7:22  Extractor  
  60  7:23  Extractor, Drone, Spire  
  60  7:24  Drone x6  
  65  7:39  Drone x2  
  65  7:40  Overlord  
  64  7:56  Drone x4  
  64  7:57  Overlord x2  
  67  8:09  Spore Crawler  
  66  8:19  Overseer  
  66  8:33  Queen x2  
  67  8:35  Corruptor x4  
  67  8:36  Corruptor  
  67  8:40  Drone  
  67  8:41  Drone x2  
  72  9:02  Drone  
  71  9:03  Drone x5  
  76  9:21  Roach x4, Hatchery  
  83  9:30  Pneumatized Carapace  
  83  9:34  Zerg Flyer Armor Level 1  
  83  9:36  Infestation Pit  
  83  9:37  Hatchery  
  81  9:43  Drone x3  
  84  9:45  Overlord  
  84  9:46  Overlord  
  84  9:50  Evolution Chamber  
  84  9:51  Evolution Chamber  
  82  10:00  Corruptor  
  82  10:06  Roach x5  
  94  10:08  Hatchery  
  93  10:14  Overlord  
  93  10:21  Zerg Missile Weapons Level 1, Zerg Ground Armor Level 1  
  93  10:32  Corruptor  
  93  10:33  Corruptor  
  97  10:52  Overlord  
  95  11:03  Overseer  
  92  11:12  Overlord x3  
  92  11:13  Overlord x2  
  92  11:14  Overlord  
  90  11:31  Corruptor  
  90  11:32  Corruptor x2  
  85  11:45  Hatchery  
  81  12:07  Extractor  
  80  12:08  Extractor  
  80  12:13  Corruptor x2  
  82  12:25  Drone x2  
Tags
 
Add a new tag
Caveats
  • Supply blocks, unpowered buildings, or Contaminate may cause inaccurate times.
  • Supply counts are checked every 10 seconds.